 Dungeon Crawl Stone Soup version 0.29-a0-1065-g47a6bb87d6 (webtiles) character file.

Game seed: 5366542960750619689

92 ytrimaz the Insei (level 4, -2/28 HPs)
             Began as an Octopode Transmuter on Aug 18, 2022.
             Slain by a gnoll
             ... wielding a +0 club
              (6 damage)
             ... on level 2 of the Dungeon.
             The game lasted 00:02:07 (2646 turns).

ytrimaz the Insei (Octopode Transmuter)             Turns: 2646, Time: 00:02:07

Health: -2/28      AC:  1    Str:  9    XL:     4   Next: 60%
Magic:  7/7        EV: 13    Int: 17    God:
Gold:   62         SH:  0    Dex: 12    Spells: 1/7 levels left

rFire   . . .      SeeInvis .     - Unarmed
rCold   . . .      Faith    .   (no shield)
rNeg    . . .      Spirit   .   (helmet restricted)
rPois   .          Reflect  .   (no amulet)
rElec   .          Harm     .   (no ring)
rCorr   .          Rampage  .   (no ring)
Will    .....                   (no ring)
Stlth   ++........              (no ring)
HPRegen 0.09/turn               (no ring)
MPRegen 0.10/turn               (no ring)
                                (no ring)
                                (no ring)

@: on berserk cooldown, slowed, very slow
A: almost no armour, amphibious, 8 rings, camouflage 1, gelatinous body 1,
(nimble swimmer 1), tentacles
a: no special abilities


You were on level 2 of the Dungeon.
You visited 1 branch of the dungeon, and saw 2 of its levels.

You collected 62 gold pieces.

Inventory:

Scrolls
 c - a scroll of enchant armour
 e - a scroll of magic mapping
 f - a scroll of enchant weapon
Potions
 a - 2 potions of lignification
 b - a potion of berserk rage
 d - a potion of heal wounds {unknown}
 g - a potion of brilliance {unknown}


   Skills:
 + Level 1.5 Fighting
 + Level 2.7 Dodging
 + Level 4.6 Unarmed Combat
 - Level 2.0 Spellcasting
 - Level 2.0 Transmutations


You had one spell level left.
You knew the following spells:

 Your Spells              Type           Power      Damage    Failure   Level
a - Beastly Appendage     Tmut           16%        N/A       9%          1
b - Wereblood             Tmut           8%         N/A       13%         2
c - Spider Form           Tmut/Pois      5%         N/A       36%         3

Your spell library contained the following spells:

 Spells                   Type           Power      Damage    Failure   Level
 Tukima's Dance           Hex            1%         N/A       50%         3
 Ice Form                 Ice/Tmut       5%         N/A       77%         4
 Passage of Golubria      Tloc           1%         N/A       88%         4
 Yara's Violent Unravell  Hex/Tmut       2%         3d3       98%         5


Dungeon Overview and Level Annotations

Branches:
Dungeon (2/15)

Altars:
Xom


Innate Abilities, Weirdness & Mutations

You cannot wear most types of armour.
You are amphibious.
You can wear up to eight rings at the same time.
Your skin changes colour to match your surroundings (Stealth+).
Your rubbery body absorbs attacks. (AC +1, EV +1)
((You are camouflaged when in or above water. (Stealth+)))
You have tentacles for arms and can constrict up to eight enemies at once.


Message History

You close the door, pushing everything out of the way.
You see here a ball python corpse.
A gnoll opens the door.
There are monsters nearby!
Welcome back, ytrimaz the Octopode Transmuter.
Press ? for a list of commands and other information.
Okay, then.
Okay, then.
Okay, then.
It was a potion of berserk rage.
A red film seems to cover your vision as you go berserk!
You feel yourself moving faster!
You feel mighty!
You feel a strong urge to attack something.
The gnoll hits you with a +0 spear.
You bludgeon the gnoll! Your grab misses the gnoll. You squeeze the gnoll.
You kill the gnoll!
The gnoll closely misses you. x2
Things that are here:
a +0 spear; a gnoll corpse You feel a strong urge to attack something.
The gnoll barely misses you. The gnoll closely misses you.
The gnoll barely misses you.
You closely miss the gnoll. Your grab misses the gnoll.
You tentacle-slap the gnoll. Your grab misses the gnoll.
The gnoll is lightly wounded.
The gnoll hits you with a +0 spear! The gnoll hits you with a +0 club!
The gnoll closely misses you.
You bludgeon the gnoll!
You kill the gnoll!
You are no longer berserk.
You are exhausted.
You feel yourself slow down. The gnoll misses you.
The gnoll hits you with a +0 whip!
* * * LOW HITPOINT WARNING * * *
You barely miss the gnoll. You grab the gnoll.
You squeeze the gnoll, but do no damage.
You constrict the gnoll. The gnoll hits you with a +0 whip.
* * * LOW HITPOINT WARNING * * *
The gnoll hits you with a +0 club.
You die...

#.# #.# ##.# #... #...
##### #... #...# #####
#...
#...###.g.############.#
#...'†)@)...>.........†.
#...#...g.##..########.#
#.$.#.....##..# #......
#g..#...####..####.#.#.#
#'####### #....##.#....
.gg. ##......#.#..
...g.. ###.######.#
#.....g. #.........
#>...... #........#


You could see 2 gnolls.

Vanquished Creatures
  2 gnolls (D:2)
  2 adders (D:2)
  A worm (D:2)
  A dart slug (D:1)
  3 endoplasms
  2 giant cockroaches (D:1)
  2 goblins
  3 hobgoblins
  12 jackals
  8 kobolds
  8 ball pythons
  4 frilled lizards
  2 rats
50 creatures vanquished.

Notes
Turn   | Place    | Note
-------+----------+-------------------------------------------
     0 | D:1      | ytrimaz the Octopode Transmuter began the quest for the
                  | Orb.
     0 | D:1      | Reached XP level 1. HP: 13/13 MP: 3/3
   148 | D:1      | Reached XP level 2. HP: 8/18 MP: 3/5
   843 | D:1      | Reached skill level 4 in Unarmed Combat
   843 | D:1      | Reached XP level 3. HP: 9/23 MP: 4/6
  1331 | D:1      | Found a faded altar of an unknown god.
  1588 | D:2      | Learned a level 2 spell: Wereblood
  1592 | D:2      | Learned a level 3 spell: Spider Form
  2208 | D:2      | Found a shimmering altar of Xom.
  2228 | D:2      | Reached XP level 4. HP: 21/28 MP: 5/7
  2646 | D:2      | Slain by a gnoll

Illustrated notes

Levels and vault maps discovered:
D:1:      eino_arrival_druids_welcome, layout_loops_ring,
          shapermc_ecumenical_altar_pompeii, nrook_loot_triangle,
          serial_bayou_crossing
D:2:      minmay_inner_zag, layout_basic, basic_altar

Skill      XL: |  1  2 |
---------------+-------+-----
Unarmed Combat | 4 |  4.6
Fighting       | |  1.5
Dodging        | |  2.7
Spellcasting   | |  2.0
Transmutations | |  2.0

Action                   |  1- 3 |  4- 6 || total
-------------------------+-------+-------++-------
Melee: Unarmed           |    86 |    17 ||   103
       Constrict         |    26 |     4 ||    30
       Kick              |    18 |     1 ||    19
       Tentacles         |    21 |     5 ||    26
       Punch             |     6 |       ||     6
 Cast: Beastly Appendage |    18 |     2 ||    20
  Use: Scroll            |     4 |       ||     4
       Potion            |       |     1 ||     1
 Stab: Sleeping          |     1 |       ||     1
Armor: Skin              |    10 |       ||    10
Dodge: Dodged            |    59 |    20 ||    79

Table legend: (Time is in decaauts)
 A = Elapsed time spent in this place.
 B = Non-inter-level travel time spent in this place.
 C = Inter-level travel time spent in this place.
 D = Time resting spent in this place.
 E = Time spent auto-exploring this place.
 F = Levels seen in this place.
 G = Mean time per level.
                   A        B        C        D        E       F      G
               +--------+--------+--------+--------+--------+-----+--------+
         Total |   2635 |   2632 |      3 |      0 |   2300 |   2 | 1317.5 |
       Dungeon |   2635 |   2632 |      3 |      0 |   2300 |   2 | 1317.5 |
               +--------+--------+--------+--------+--------+-----+--------+

Top non-repeatable levels by time:
     D:1: 1563 daAuts
     D:2: 1071 daAuts
